 Dungeon Crawl Stone Soup version 0.22-a0-398-g8bb545f (webtiles) character file.

181 emperorscorpion the Cudgeler (level 5, -1/33 HPs)
             Began as a Gargoyle Berserker on May 5, 2018.
             Was a Believer of Trog.
             Slain by a centaur (2 damage)
             ... on level 3 of the Dungeon.
             The game lasted 00:02:45 (2081 turns).

emperorscorpion the Cudgeler (Gargoyle Berserker)   Turns: 2081, Time: 00:02:46

Health: -1/33      AC: 10    Str: 21    XL:     5   Next: 61%
Magic:  5/5        EV: 10    Int: 13    God:    Trog [**....]
Gold:   53         SH:  0    Dex:  9    Spells: 4/4 levels left

rFire    . . .     SeeInvis .   a - +0 mace
rCold    . . .     Gourm    .   (no shield)
rNeg     + . .     Faith    .   q - +0 scale mail
rPois    ∞         Spirit   .   (no helmet)
rElec    +         Reflect  .   (no cloak)
rCorr    .         Harm     .   (no gloves)
MR       .....                  (no boots)
Stlth    ..........             (no amulet)
HPRegen  0.11/turn              (no ring)
MPRegen  0.09/turn              (no ring)

@: brilliant
A: negative energy resistance 1, electricity resistance, unbreathing,
petrification resistance, rot immunity, AC +4
a: Berserk, Trog's Hand, Renounce Religion


You were on level 3 of the Dungeon.
You worshipped Trog.
Trog was pleased with you.
You were not hungry.

You visited 1 branch of the dungeon, and saw 3 of its levels.

You collected 53 gold pieces.

Inventory:

Hand Weapons
 a - a +0 mace (weapon)
Missiles
 u - a throwing net (quivered)
Armour
 b - a +0 animal skin
 q - a +0 scale mail (worn)
Jewellery
 f - a cursed ring of loudness {unknown}
Scrolls
 e - a scroll of enchant armour {unknown}
 h - 5 scrolls of identify {unknown}
 k - a scroll of enchant weapon {unknown}
 l - a scroll of teleportation {unknown}
 p - a scroll of amnesia {unknown}
 r - a scroll of fog {unknown}
 s - 2 scrolls of magic mapping {unknown}
 t - a scroll of immolation {unknown}
Potions
 i - 2 potions of berserk rage {unknown}
 j - a potion of degeneration {unknown}
 m - a potion of flight {unknown}
 o - 3 potions of curing {unknown}
 v - a potion of agility {unknown}
Comestibles
 c - 6 rations
 n - 14 chunks of flesh


   Skills:
 + Level 4.2 Fighting
 + Level 4.7 Maces & Flails
 + Level 2.7 Armour
 + Level 2.5 Dodging
 + Level 0.3 Stealth


You had 4 spell levels left.
You didn't know any spells.

Dungeon Overview and Level Annotations

Branches:
Dungeon (3/15)

Altars:
Hepliaklqana


Innate Abilities, Weirdness & Mutations

You are resistant to torment.
Your stone body is resilient. (AC +4)
You are immune to poison.
You resist negative energy. (rN+)
You are resistant to electric shocks. (rElec)
You can survive without breathing.
You are immune to petrification.
You are immune to rotting.


Message History

The centaur completely misses you.
The centaur hits you but does no damage.
A goblin comes into view. It is wielding a dagger.
The goblin shouts!
You hit the centaur but do no damage.
The centaur is heavily wounded.
The centaur hits you but does no damage.
The goblin moves out of view.
You hit the centaur but do no damage.
The centaur is heavily wounded.
The centaur hits you but does no damage. x2
You closely miss the centaur.
The centaur is heavily wounded.
The centaur hits you but does no damage.
The centaur hits you.
* * * LOW HITPOINT WARNING * * *
You hit the centaur.
The centaur is severely wounded.
The centaur hits you.
You die...

##>..........)..# ##.#
#...............###...
#.#.#.#...#.###.(((..#
#.#.#.##..#.# #####÷.#
#.#.#.##..#.#######..#
#....(................
#(..#o...÷..#.#####..#
#c(##c##.##.#.# #...
#..##@##.##.#.# #.##
#..##g##....#.# #...
#..##(##.##.#.# #.#.
#.o.........#.# #..[
............#.# ###.
##..####### # #... #..
..


You could see a centaur, an orc and a goblin.

Vanquished Creatures
  A bullfrog (D:2)
  2 adders (D:2)
  3 gnolls (D:3)
  An ooze (D:3)
  5 worms
  2 dart slugs
  An orc (D:3)
  2 ball pythons
  4 giant cockroaches
  3 goblins (D:1)
  A hobgoblin (D:2)
  4 jackals (D:2)
  6 kobolds
  2 quokkas (D:2)
  3 bats
  5 frilled lizards
  6 rats
51 creatures vanquished.

Vanquished Creatures (others)
  A leopard gecko (D:3)
1 creature vanquished.

Grand Total: 52 creatures vanquished

Notes
Turn   | Place    | Note
-------+----------+-------------------------------------------
     0 | D:1      | emperorscorpion the Gargoyle Berserker began the quest for the Orb.
     0 | D:1      | Reached XP level 1. HP: 14/14 MP: 1/1
    77 | D:1      | Reached XP level 2. HP: 17/19 MP: 2/2
   926 | D:2      | Reached XP level 3. HP: 2/24 MP: 3/3
  1251 | D:2      | Found a faded altar of an unknown god.
  1294 | D:2      | Noticed a bullfrog
  1302 | D:2      | Killed a bullfrog
  1302 | D:2      | Reached XP level 4. HP: 29/29 MP: 4/4
  1324 | D:2      | Reached ** piety under Trog
  1493 | D:2      | Reached XP level 5. HP: 21/33 MP: 5/5
  1778 | D:2      | Found a hazy altar of Hepliaklqana.
  2039 | D:3      | Noticed a centaur
  2080 | D:3      | HP: 1/33 [centaur (5)]
  2081 | D:3      | Slain by a centaur

Vault maps used:
D:1:      matt_arrival_grand_opening
D:2:      minmay_wonky_spiral, lemuel_round_altar,
          chequers_ecumenical_altar_island, minmay_misc_feat_hallway
D:3:      okawaru_metal_pillars_3

Skill      XL: |  1  2  3 |
---------------+----------+-----
Fighting       | 4 |  4.2
Maces & Flails | 4 |  4.7
Dodging        | 2 |  2.5
Armour         | |  2.7
Stealth        | |  0.3

Action                   |  1- 3 |  4- 6 || total
-------------------------+-------+-------++-------
Melee: Mace              |    61 |   140 ||   201
Invok: Berserk           |     1 |       ||     1
  Use: Potion            |       |     2 ||     2
  Eat: Chunk             |     1 |     4 ||     5
Armor: Animal skin       |    27 |    18 ||    45
       Scale mail        |       |    83 ||    83
Dodge: Dodged            |    48 |   100 ||   148

Table legend:
 A = Spawn XP
 B = Non-spawn XP
 C = Spawn XP percentage of total XP
 D = Spawn monster count
 E = Non-spawn monster count
 F = Spawn count percentage of total count
 G = Total turns spent on level
                    A         B        C        D         E        F      G
               +---------+---------+-------+---------+---------+-------+---------
         Total |       0 |     259 |   0.0 |       0 |      51 |   0.0 |  2081
               +---------+---------+-------+---------+---------+-------+---------
           D:1 |       0 |      27 |   0.0 |       0 |      16 |   0.0 |   827
           D:2 |       0 |     170 |   0.0 |       0 |      25 |   0.0 |  1075
           D:3 |       0 |      62 |   0.0 |       0 |      10 |   0.0 |   179
               +---------+---------+-------+---------+---------+-------+---------
